Map: Incorporeal LE

Players

ManlyManMeat - Winner!

  • Race: Zerg Zerg
  • Spawn Location: 11:00

TOPH

  • Race: Terran Terran
  • League: Silver
  • Spawn Location: 5:00

VOD

Have the link to the VOD?

Description

Time

  • Played on: May 14, 2025, 2 p.m.
  • Length: 14:06
Show
View Real Time Build Order
Export as new Build Order

ManlyManMeat Zerg - Winner!

Build Orders: Hatch First 

Get SALT Encoding   

  12  0:00  Drone  
  13  0:13  Overlord  
  13  0:19  Drone  
  14  0:28  Overlord  
  14  0:31  Drone  
  15  0:50  Hatchery  
  15  0:54  Drone  
  15  1:04  Drone x2  
  17  1:19  Spawning Pool  
  17  1:22  Drone, Extractor  
  16  1:32  Drone x2  
  18  1:47  Drone  
  19  1:59  Evolution Chamber  
  19  2:00  Drone  
  19  2:01  Evolution Chamber  
  19  2:04  Drone  
  19  2:07  Queen  
  21  2:14  Queen  
  23  2:21  Zergling x2  
  23  2:22  Zergling x2  
  25  2:28  Drone  
  25  2:29  Drone  
  27  2:46  Overlord  
  27  2:49  Overlord  
  27  2:59  Zergling x2  
  28  3:07  Zergling x10  
  33  3:25  Drone x3  
  36  3:32  Hatchery  
  35  3:39  Queen  
  37  3:42  Drone x2  
  39  3:54  Drone x5  
  44  3:59  Overlord  
  44  4:12  Overlord  
  44  4:14  Overlord  
  44  4:17  Overlord  
  44  4:35  Lair  
  44  4:38  Queen  
  44  4:42  Drone x2  
  44  4:43  Drone x2  
  44  4:45  Extractor x2  
  49  4:50  Queen  
  49  4:52  Drone  
  47  5:14  Queen  
  47  5:17  Drone x6  
  47  5:18  Drone x7  
  62  5:26  Queen  
  64  5:42  Baneling Nest  
  63  5:44  Drone x4  
  63  5:45  Drone x3  
  70  6:06  Zergling x24  
  70  6:10  Zerg Melee Weapons Level 1  
  70  6:11  Zerg Ground Armor Level 1  
  82  6:28  Hatchery  
  82  6:29  Hatchery  
  82  6:31  Metabolic Boost  
  80  6:33  Hatchery, Centrifugal Hooks  
  79  6:54  Overlord x2  
  79  6:55  Overlord  
  79  6:58  Zergling x2  
  79  6:59  Zergling x4  
  82  7:08  Drone, Extractor  
  81  7:09  Extractor  
  81  7:40  Zergling x40  
  101  7:45  Hatchery, Extractor  
  101  7:50  Extractor  
  101  7:51  Baneling x5  
  98  7:52  Baneling x5  
  98  7:56  Baneling x2  
  98  7:59  Zergling x8  
  98  8:00  Zergling x10  
  107  8:14  Drone x5  
  107  8:15  Drone x3  
  107  8:19  Overlord x6  
  68  9:02  Zergling x2  
  68  9:03  Zergling x40  
  88  9:13  Zergling x2  
  88  9:14  Zergling x10  
  94  9:29  Drone x3  
  97  9:40  Baneling x7  
  97  9:42  Zergling x38  
  116  9:57  Baneling x16  
  116  9:59  Zergling x18  
  125  10:08  Queen x6  
  110  10:43  Queen  
  112  11:02  Roach Warren  
  111  11:14  Spire, Zergling x62  
  101  12:20  Roach x20  
  101  12:21  Roach x12  
  150  12:39  Mutalisk x4  
  158  12:54  Roach x7  
  158  12:57  Drone  
  158  12:58  Drone x4  
  177  13:10  Ravager  
  178  13:16  Overlord  
  178  13:17  Overlord x3  
  177  13:37  Ravager  
  177  13:38  Ravager x8  
Show
View Real Time Build Order
Export as new Build Order

TOPH Terran 

Build Orders:  

Get SALT Encoding   

  12  0:07  SCV  
  13  0:25  Supply Depot  
  13  0:26  SCV  
  14  0:38  SCV  
  15  0:50  Barracks, SCV  
  16  0:58  Refinery  
  16  1:02  SCV  
  17  1:10  Supply Depot  
  17  1:14  SCV  
  18  1:26  SCV  
  19  1:33  Supply Depot  
  19  1:39  SCV  
  20  1:42  Marine  
  20  1:43  Refinery  
  21  1:52  SCV  
  22  2:00  Marine  
  23  2:01  Engineering Bay  
  23  2:04  SCV  
  24  2:16  SCV  
  24  2:17  Marine  
  26  2:27  Factory  
  26  2:29  SCV  
  27  2:30  Barracks  
  27  2:35  Marine  
  28  2:46  Orbital Command  
  28  2:53  Marine  
  29  3:11  Marine  
  30  3:12  Factory Tech Lab  
  30  3:18  Starport  
  30  3:26  Command Center  
  30  3:28  Barracks Reactor  
  30  3:31  Barracks Tech Lab  
  30  3:34  SCV  
  31  3:50  Siege Tank  
  34  3:59  Supply Depot, Marauder  
  34  4:01  Stimpack  
  36  4:05  SCV  
  36  4:10  Medivac  
  39  4:22  Supply Depot  
  39  4:25  SCV  
  39  4:30  Marauder  
  42  4:35  Widow Mine  
  44  4:40  Liberator  
  47  4:52  Marauder  
  49  4:53  SCV  
  49  4:54  Missile Turret  
  50  5:05  SCV  
  51  5:20  Planetary Fortress  
  51  5:29  Marauder  
  51  5:30  SCV  
  54  5:41  Supply Depot  
  55  5:42  SCV  
  55  5:48  Missile Turret  
  55  5:51  Liberator  
  55  5:54  SCV  
  55  5:55  Widow Mine  
  61  5:58  SCV  
  61  6:01  Marine x2  
  64  6:07  SCV  
  64  6:10  SCV  
  66  6:18  Missile Turret  
  66  6:19  Supply Depot, SCV  
  66  6:22  SCV  
  68  6:31  SCV  
  68  6:32  Missile Turret  
  69  6:34  SCV  
  69  6:35  Siege Tank  
  73  6:43  SCV  
  73  6:46  SCV  
  75  6:54  Missile Turret  
  75  6:55  SCV  
  75  7:00  Starport Tech Lab, Armory  
  76  7:06  Starport  
  76  7:07  SCV  
  77  7:09  Supply Depot  
  77  7:10  Neosteel Armor  
  77  7:12  Concussive Shells  
  77  7:14  Marauder  
  79  7:19  SCV  
  80  7:23  Refinery  
  80  7:28  Refinery  
  80  7:32  Missile Turret, SCV  
  80  7:36  Marauder  
  83  7:38  SCV  
  83  7:42  Widow Mine  
  83  7:43  Medivac  
  88  7:44  SCV  
  88  7:46  Starport Reactor  
  88  7:50  SCV  
  90  7:55  Barracks  
  90  7:56  SCV  
  91  8:02  Supply Depot, SCV  
  92  8:08  SCV  
  92  8:10  Refinery  
  92  8:11  Missile Turret  
  93  8:14  SCV  
  94  8:23  Refinery  
  94  8:24  SCV  
  94  8:26  SCV  
  96  8:34  Supply Depot  
  96  8:36  SCV  
  96  8:38  SCV  
  93  8:46  Command Center  
  93  8:48  SCV  
  91  8:50  SCV, Hi-Sec Auto Tracking  
  71  9:00  SCV  
  58  9:02  SCV  
  58  9:10  Marauder  
  58  9:12  SCV  
  58  9:13  Barracks Tech Lab  
  61  9:18  Medivac x2  
  61  9:19  Starport  
  61  9:22  Banshee  
  68  9:24  SCV  
  68  9:25  Terran Vehicle Weapons Level 1  
  69  9:31  Marauder  
  69  9:33  SCV  
  69  9:36  SCV  
  73  9:43  Supply Depot  
  73  9:45  SCV  
  74  9:48  SCV  
  74  9:51  Refinery  
  74  9:52  Combat Shield  
  75  9:53  Marauder  
  75  9:57  SCV  
  78  10:03  SCV  
  79  10:09  SCV  
  80  10:14  Marauder  
  58  10:21  SCV  
  59  10:36  Marauder  
  61  10:44  SCV  
  61  10:46  Command Center  
  62  10:52  Terran Infantry Weapons Level 1  
  62  10:56  Banshee, SCV  
  66  10:57  Marauder  
  66  11:01  SCV  
  69  11:06  Starport Tech Lab  
  69  11:08  SCV  
  70  11:14  SCV, Liberator  
  74  11:19  Terran Ship Weapons Level 1  
  74  11:20  SCV  
  75  11:26  SCV  
  76  11:32  SCV  
  76  11:33  Refinery  
  77  11:45  SCV  
  77  11:53  Banshee  
  75  11:55  Banshee  
  75  11:57  SCV  
  59  12:09  SCV  
  53  12:21  SCV  
  54  12:33  SCV  
  54  12:35  Marauder  
  57  12:38  Planetary Fortress  
  57  12:45  SCV  
  58  12:53  Refinery  
  58  12:57  SCV  
  59  12:59  Refinery  
  59  13:06  Banshee  
  59  13:11  Banshee  
  65  13:17  SCV  
  66  13:20  SCV  
  68  13:27  SCV  
  68  13:29  SCV  
  69  13:40  Marine x2  
Tags
 
League
Silver
Matchup
TvZ
Spawn Locations
Cross Positions
Add a new tag
Caveats
  • Supply blocks, unpowered buildings, or Contaminate may cause inaccurate times.
  • Supply counts are checked every 10 seconds.